 Dungeon Crawl Stone Soup version 0.29.1-15-g9cfb28693d (webtiles) character file.

Game seed: 5721997182798955836

6 Heoruswealwe the Conjurer (level 1, 0/10 HPs)
             Began as a Deep Elf Conjurer on Mar 16, 2023.
             Slain by an adder (3 damage)
             ... on level 2 of the Dungeon.
             The game lasted 00:02:59 (482 turns).

Heoruswealwe the Conjurer (Deep Elf Conjurer)        Turns: 482, Time: 00:03:00

Health: 0/10       AC:  2    Str:  4    XL:     1   Next: 75%
Magic:  2/6        EV: 12    Int: 22    God:
Gold:   14         SH:  0    Dex: 13    Spells: 5/6 levels left

rFire   . . .      SeeInvis .   e - +0 club
rCold   . . .      Faith    .   (no shield)
rNeg    . . .      Spirit   .   a - +0 robe
rPois   .          Reflect  .   (no helmet)
rElec   .          Harm     .   (no cloak)
rCorr   .          Rampage  .   (no gloves)
Will    .....                   (no boots)
Stlth   ++........              (no amulet)
HPRegen 0.03/turn               (no ring)
MPRegen 0.10/turn               (no ring)

@: no status effects
A: no striking features
a: no special abilities


You were on level 2 of the Dungeon.
You visited 1 branch of the dungeon, and saw 2 of its levels.

You collected 14 gold pieces.

Inventory:

Hand Weapons
 e - a +0 club (weapon)
Armour
 a - a +0 robe (worn)
Scrolls
 c - a scroll of acquirement {unknown}
 g - a scroll of identify {unknown}
 h - a scroll of noise {unknown}
Potions
 b - a potion of magic
 d - a potion of lignification {unknown}
 f - a potion of brilliance {unknown}


   Skills:
 - Level 2.4 Dodging
 - Level 2.4 Stealth
 + Level 3.3 Spellcasting
 + Level 4.6 Conjurations


You had 5 spell levels left.
You knew the following spells:

 Your Spells              Type           Power      Damage    Failure   Level
a - Magic Dart            Conj           92%        1d7       1%          1

Your spell library contained the following spells:

 Spells                   Type           Power      Damage    Failure   Level
 Searing Ray              Conj           46%        2d6       2%          2
 Dazzling Flash           Conj/Hex       26%        N/A       14%         3
 Fulminant Prism          Conj/Hex       6%         3d7       43%         4
 Iskenderun's Mystic Bla  Conj/Tloc      13%        2d5       43%         4


Dungeon Overview and Level Annotations

Branches:
Dungeon (1/15)

Altars:

Annotations:
D:2 Terence


Message History

The magic dart hits the bat.
You kill the bat!
Found a stone staircase leading down.
Found a scroll labelled MAOKHL CYEST and a chain mail.
Found a stone staircase leading down.
h - a scroll labelled MAOKHL CYEST
Found a ring mail.
A quokka comes into view.
The quokka moves out of view.
You see here a +0 chain mail.
The magic dart hits the quokka.
The quokka is severely wounded.
The magic dart hits the quokka.
You kill the quokka!
You see here a +0 chain mail.
Terence the Incautious comes into view.
He is wielding a +0 hand axe.
Found a scroll labelled WOAQODW LADA.
You see here a quokka corpse.
The magic dart hits Terence but does no damage.
Terence shouts!
You hear an angry hiss. x2
An adder comes into view. x2
The magic dart hits Terence.
Terence is lightly wounded.
The magic dart hits Terence.
Terence is moderately wounded.
The magic dart hits the adder.
The adder is severely wounded.
The adder bites you but does no damage. The adder attacks as you move away!
The adder bites you.
You are poisoned.
The adder poisons you!
You feel sick.
You feel sick.
You feel sick. The adder misses you. The adder attacks as you move away!
The adder closely misses you. The adder attacks as you move away!
The adder completely misses you.
You feel sick.
You feel sick.
You are no longer poisoned.
The adder bites you.
You die...

...####...##....####
..................^.
....###.............
..........###.......
.......@............
...............>...
.......S.......##.##
###..##S#.##.......#
#..##@#.####.....#
#..##.##### ...#..
#.........# #.#
#.....###.# #
######..#..#...#
##..........#.###
.>......#.#.#.####
##...............#
...#####....†.####


You could see Terence and 2 adders.

Vanquished Creatures
  A bat (D:2)
  2 goblins (D:1)
  A quokka (D:2)
  A frilled lizard (D:1)
5 creatures vanquished.

Notes
Turn   | Place    | Note
-------+----------+-------------------------------------------
     0 | D:1      | Heoruswealwe the Deep Elf Conjurer began the quest for the
                  | Orb.
     0 | D:1      | Reached XP level 1. HP: 10/10 MP: 6/6
   425 | D:1      | You fall into a shaft and drop 1 floor!
   466 | D:2      | Noticed Terence
   482 | D:2      | Slain by an adder

Illustrated notes

Levels and vault maps discovered:
D:1:      dpeg_arrival_more_subterranean_lakeside_camping, layout_basic,
          serial_shops, shop, reono_crystal_passage
D:2:      layout_rooms, grunt_ministairs_6, uniq_terence, uniq_sigmund

Action                   || total
-------------------------++-------
 Cast: Magic Dart        ||    10
Armor: Robe              ||     1
Dodge: Dodged            ||     3
